 Dungeon Sprint DCSS version 0.16-a0-3940-gf8a207b (webtiles) character file.

772 BluebellGnoll the Covert (level 7, -2/32 HPs)
             Began as a Spriggan Enchanter on Feb 7, 2015.
             Was a Follower of Vehumet.
             Slain by a kobold demonologist
             ... wielding a +0 dagger
              (5 damage)
             ... in the Dungeon (Sprint I: "Red Sonja").
             The game lasted 00:02:20 (185 turns).

BluebellGnoll the Covert (Spriggan Enchanter)        Turns: 185, Time: 00:02:20

Health: -2/32      AC:  3    Str:  4    XL:     7   Next: 53%
Magic:  16/28      EV: 27    Int: 18    God:    Vehumet [*.....]
Gold:   405        SH:  0    Dex: 17    Spells: 6 memorised, 11 levels left

rFire  . . .     SeeInvis +     a - +1 dagger
rCold  . . .     Clarity  .     b - +1 robe
rNeg   . . .     SustAb   .     (shield restricted)
rPois  .         Gourm    .     (helmet restricted)
rElec  .         Spirit   .     (no cloak)
rCorr  .         Warding  .     (gloves unavailable)
rMut   .         NoTele   +     (boots unavailable)
MR     +....                    (no amulet)
Stlth  ++++++....               (no ring)
                                (no ring)

@: very quick, somewhat resistant to hostile enchantments, very stealthy
A: unfitting armour, see invisible, herbivore 3, speed 3, slow metabolism 2
a: Renounce Religion


You were in the Dungeon.
You worshipped Vehumet.
Vehumet was aware of your devotion.
You were not hungry.

You visited 1 branch You collected 405 gold pieces.

Inventory:

Hand weapons
 a - a +1 dagger (weapon)
Armour
 b - a +1 robe (worn)
Scrolls
 j - a scroll of blinking
 k - 3 scrolls of enchant weapon {unknown}
Potions
 e - a potion of curing
 f - a potion of heal wounds
 g - a potion of haste
 h - 2 potions of magic
 i - a potion of cure mutation {unknown}
Books
 c - a book of Maledictions

   Spells                             Type                      Level
   a - Corona                         Hexes                        1
   b - Sure Blade                     Hexes/Charms                 2
   c - Ensorcelled Hibernation        Hexes/Ice                    2
   d - Confuse                        Hexes                        3
   e - Dazzling Spray                 Conjuration/Hexes            3
   f - Enslavement                    Hexes                        4
Comestibles
 d - a bread ration


   Skills:
 - Level 1.1 Short Blades
 + Level 10.9 Dodging
 - Level 13.6 Stealth
 - Level 10.3 Spellcasting
 - Level 10.9 Hexes


You had 11 spell levels left.
You knew the following spells:

 Your Spells              Type           Power        Failure   Level  Hunger
a - Corona                Hex            #####..      1%          1    None
b - Ensorcelled Hibernat  Hex/Ice        ####..       1%          2    None
c - Confuse               Hex            #####...     1%          3    None
d - Sure Blade            Hex/Chrm       ####......   1%          2    None
e - Dazzling Spray        Conj/Hex       ####....     2%          3    None
f - Enslavement           Hex            #####...     1%          4    ###....


Dungeon Overview and Level Annotations

Branches:
Dungeon (1/1)

Altars:
Cheibriados
Dithmenos
Elyvilon
Fedhas
Gozag
Kikubaaqudgha
Makhleb
Nemelex Xobeh
Okawaru
Qazlal
Ru
Sif Muna
Trog
Vehumet
Xom
Yredelemnul
Zin
The Shining One
Jiyva

Shops:
D (

Annotations:
D Sonja


Innate Abilities, Weirdness & Mutations

You are tiny and cannot use many weapons and most armour.
You have supernaturally acute eyesight.
You are a herbivore.
You cover ground extremely quickly.
You need consume almost no food.


Message History

Aiming: Confuse
Press: ? - help, Shift-Dir - straight line, f - kobold demonologist
Aim: a kobold demonologist, wielding a dagger and wearing a robe (moderately wounded, chance 54%)
The kobold demonologist resists with significant effort.
The kobold demonologist closely misses you.
Casting: Confuse
Confirm with . or Enter, or press ? or * to list all spells.
Aiming: Confuse
Press: ? - help, Shift-Dir - straight line, f/p - kobold demonologist
Aim: a kobold demonologist, wielding a dagger and wearing a robe (moderately wounded, chance 54%)
The kobold demonologist resists with significant effort.
The kobold demonologist hits you but does no damage.
Casting: Confuse
Confirm with . or Enter, or press ? or * to list all spells.
Aiming: Confuse
Press: ? - help, Shift-Dir - straight line, f/p - kobold demonologist
Aim: a kobold demonologist, wielding a dagger and wearing a robe (moderately wounded, chance 54%)
The kobold demonologist appears confused.
The kobold demonologist hits you with a dagger.
You die...

#####################
)').#.)'..#__#..@K..#
.#..'..#..'..'..#)..#
###'#####'#__####...+
##..#...#[#### #####
_####..##.#
..__##'#..+
.∩...'..._#
..._##_.#'#
____###+#[#


You could see a kobold demonologist (confused).

Vanquished Creatures
  A kobold demonologist (D)
  A slime creature (D)
  A yak (D)
  An ogre (D)
  Sigmund (D)
  A jelly (D)
  Ijyb (D)
  A giant eyeball (D)
8 creatures vanquished.

Notes
Turn   | Place    | Note
--------------------------------------------------------------
     0 | D        | BluebellGnoll, the Spriggan Enchanter, began the quest for the Orb.
     0 | D        | Reached XP level 1. HP: 9/9 MP: 4/4
     1 | D        | Noticed Ijyb
     6 | D        | Noticed an ogre
    12 | D        | Killed an ogre
    12 | D        | Reached skill level 12 in Stealth
    12 | D        | Reached XP level 2. HP: 8/13 MP: 7/7
    12 | D        | Reached XP level 3. HP: 10/16 MP: 9/9
    12 | D        | Reached XP level 4. HP: 12/21 MP: 12/12
    15 | D        | Killed Ijyb
    15 | D        | Reached skill level 13 in Stealth
    43 | D        | Learned a level 2 spell: Ensorcelled Hibernation
    47 | D        | Learned a level 3 spell: Confuse
    50 | D        | Learned a level 2 spell: Sure Blade
    50 | D        | Noticed Sigmund
    60 | D        | Killed Sigmund
    60 | D        | Reached skill level 5 in Spellcasting
    60 | D        | Reached XP level 5. HP: 12/24 MP: 11/20
    73 | D        | Found a deep blue altar of Sif Muna.
    74 | D        | Noticed a jelly
    75 | D        | Found a radiant altar of Vehumet.
    79 | D        | Killed a jelly
   100 | D        | Became a worshipper of Vehumet
   101 | D        | Noticed Sonja
   108 | D        | Found Geoppuit's Weapon Emporium.
   108 | D        | Found a white marble altar of Elyvilon.
   108 | D        | Found a stormy altar of Qazlal.
   108 | D        | Found a burning altar of Makhleb.
   108 | D        | Found a sacrificial altar of Ru.
   108 | D        | Found a basalt altar of Yredelemnul.
   108 | D        | Found a glowing golden altar of the Shining One.
   108 | D        | Found a sparkling altar of Nemelex Xobeh.
   108 | D        | Found a shimmering altar of Xom.
   108 | D        | Found an opulent altar of Gozag.
   108 | D        | Found an ancient bone altar of Kikubaaqudgha.
   108 | D        | Found a glowing silver altar of Zin.
   108 | D        | Noticed a yak
   109 | D        | Found an iron altar of Okawaru.
   110 | D        | Killed a yak
   110 | D        | Reached XP level 6. HP: 17/28 MP: 18/25
   111 | D        | Found a bloodstained altar of Trog.
   151 | D        | Found a snail-covered altar of Cheibriados.
   151 | D        | Found a viscous altar of Jiyva.
   151 | D        | Found a shadowy altar of Dithmenos.
   151 | D        | Found a blossoming altar of Fedhas.
   151 | D        | Noticed a slime creature
   154 | D        | Killed a slime creature
   154 | D        | Reached skill level 10 in Spellcasting
   154 | D        | Reached skill level 10 in Hexes
   160 | D        | Learned a level 3 spell: Dazzling Spray
   165 | D        | Learned a level 4 spell: Enslavement
   175 | D        | Noticed a kobold demonologist
   176 | D        | Noticed a kobold demonologist
   178 | D        | Acquired Vehumet's first power
   178 | D        | Offered knowledge of Sandblast by Vehumet.
   179 | D        | Noticed an ice devil
   182 | D        | Killed a kobold demonologist
   182 | D        | Reached skill level 10 in Dodging
   182 | D        | Reached XP level 7. HP: 3/32 MP: 24/28
   185 | D        | Slain by a kobold demonologist

Action                   |  1- 3 |  4- 6 |  7- 9 || total
-------------------------+-------+-------+-------++-------
Melee: Dagger            |     5 |    16 |       ||    21
 Cast: Confuse           |       |     1 |     3 ||     4
       Dazzling Spray    |       |     1 |       ||     1
  Use: Potion            |     1 |       |       ||     1
 Stab: Confused          |       |     1 |       ||     1
       Sleeping          |       |     4 |       ||     4
       Invisible         |       |     2 |       ||     2
